 Dungeon Crawl Stone Soup version 0.20-a0-1086-g4bd2f5b (webtiles) character file.

18812 Krakonus1 the Protected (level 12, -6/118 HPs)
             Began as a Deep Dwarf Berserker on May 1, 2017.
             Was a High Priest of Trog.
             Mangled by a skeletal warrior
             ... wielding a +0 war axe
             ... led by a death knight
              (9 damage)
             ... on level 12 of the Dungeon.
             The game lasted 01:09:54 (12269 turns).

Krakonus1 the Protected (Deep Dwarf Berserker)     Turns: 12269, Time: 01:09:54

Health: -6/118     AC: 20    Str: 31    XL:     12   Next: 31%
Magic:  10/10      EV: 15    Int:  8    God:    Trog [*****.]
Gold:   332        SH:  0    Dex: 12    Spells: 11/11 levels left

rFire    . . .     SeeInvis .   D - +2 war axe (venom)
rCold    . . .     Gourm    .   (no shield)
rNeg     . . .     Faith    .   N - +0 plate armour
rPois    .         Spirit   .   R - +0 helmet
rElec    .         Reflect  .   (no cloak)
rCorr    .         Harm     .   b - +1 pair of gloves
MR       +....                  (no boots)
Stlth    ..........             (no amulet)
Regen    0.0/turn               i - +2 ring of evasion
MPRegen  0.2/turn               K - +5 ring of strength

@: non-regenerating, slowed, very slow
A: damage resistance, heal wounds, sense surroundings 2, no regeneration
a: Heal Wounds, Berserk, Trog's Hand, Brothers in Arms, Burn Spellbooks,
Renounce Religion


You were on level 12 of the Dungeon.
You worshipped Trog.
Trog was extremely pleased with you.
You were not hungry.

You visited 2 branches of the dungeon, and saw 13 of its levels.
You also visited: Sewer and Ossuary.

You collected 698 gold pieces.
You spent 366 gold pieces at shops.

Inventory:

Hand Weapons
 D - a +2 war axe of venom (weapon)
Armour
 b - a +1 pair of gloves (worn)
 q - a +4 scale mail of poison resistance
 J - the +0 hat of Hemeni {rN+ MR+ rCorr}
   (You found it on level 9 of the Dungeon)

   It protects you from negative energy.
   It affects your resistance to hostile enchantments.
   It protects you from acid and corrosion.
 N - a +0 plate armour (worn)
 P - a +2 chain mail of cold resistance
 R - a +0 helmet (worn)
Jewellery
 i - a +2 ring of evasion (left hand)
 m - an uncursed ring of positive energy
 t - an uncursed ring of protection from fire
 K - a +5 ring of strength (right hand)
 Q - an uncursed ring of protection from magic
Wands
 p - a wand of polymorph (5/24)
 r - a wand of flame (3/48)
 w - a wand of scattershot (4/9)
 A - a wand of iceblast (5/15)
 I - a wand of flame (0/48)
Scrolls
 a - a scroll of immolation {unknown}
 d - 4 scrolls of teleportation
 v - 5 scrolls of remove curse
 y - 3 scrolls of magic mapping
 B - a scroll of fog
 E - 3 scrolls of fear
 G - 2 scrolls of recharging
 M - a scroll of vulnerability
 O - a scroll of enchant weapon {unknown}
Potions
 e - 2 potions of might
 g - 6 potions of brilliance
 h - 6 potions of curing
 j - 2 potions of mutation
 k - 2 potions of haste
 l - 2 potions of invisibility
 n - 7 potions of flight
 o - a potion of agility
 z - a potion of heal wounds
 C - 2 potions of berserk rage
 L - a potion of lignification
Comestibles
 c - 13 bread rations
 f - 2 chunks of flesh
 s - 6 fruits
 u - 4 meat rations
 x - 18 royal jellies


   Skills:
 * Level 10.7 Fighting
 + Level 10.2 Axes
 * Level 12.8 Armour
 + Level 9.7 Dodging


You had 11 spell levels left.
You didn't know any spells.

Dungeon Overview and Level Annotations

Branches:
Dungeon (12/15)            Temple (0/1) D:5            Lair (1/6) D:9
    Orc (0/2) D:11

Altars:
Gozag
Ru
Vehumet
Zin

Shops:
D:6 *   D:7 *


Innate Abilities, Weirdness & Mutations

You are resistant to damage.
You can heal yourself by infusing magical energy.
You passively map the area around you.
You do not regenerate.


Message History

The skeletal warrior hits you but does no damage.
You hit the skeletal warrior.
The skeletal warrior is moderately damaged.
You closely miss the phantasmal warrior.
Your skin stops crawling.
You feel less resistant to hostile enchantments.
The phantasmal warrior hits you but does no damage.
The skeletal warrior hits you with a war axe.
The death knight hits you with an enchanted great mace!!
* * * LOW HITPOINT WARNING * * *
The phantasmal warrior hits you!!
* * * LOW HITPOINT WARNING * * *
A wraith comes into view.
As you read the scroll of holy word, it crumbles to dust.
You speak a Word of immense power!
The phantasmal warrior convulses!
The skeletal warrior convulses!
The wraith convulses!
You destroy the wraith!
Trog accepts your kill.
The skeletal warrior hits you with a war axe!
You die...

, , , * ** *,.... ,
#...... , .... * ***
* #.....#*** , ,,
#.....# , , * * *
#.....# , * , , .
***###.....# ,* , ,
. * , ........#, ,
*** * ,,,. ......zp#
, .., , . , ,
.......@######.. * .
, *........W.......,
, . , , ,
................, .
,, ................
. , , ,,
.............######,
, ,
.............#....#
, * ,
.............#....#
, , ,,,
.............#....#
,
.............#....#
,,


You could see a death knight, a skeletal warrior (dazed) and a phantasmal
warrior (dazed).

Vanquished Creatures
  3 two-headed ogres
  Nergalle (D:10)
  A wizard (D:8)
  An unseen horror (D:10)
  Pikel (D:6)
  An ugly thing (D:11)
  An orc sorcerer (D:8)
  A cyclops (D:11)
  A black mamba (Lair:1)
  A centaur skeleton (D:11)
  A centaur zombie (D:11)
  A queen bee (D:9)
  The ghost of NeverLocke the Slasher, an amateur DsMo of Ashenzari (Ossuary)
  2 hornets
  A hippogriff (D:9)
  A spriggan (D:9)
  3 wraiths
  19 yaks
  A wyvern (D:11)
  A vampire (D:11)
  The ghost of dhrami the Skirmisher, an amateur HOFi (D:4)
  2 hungry ghosts
  A basilisk (Lair:1)
  A water moccasin (D:11)
  2 hell hounds (D:9)
  A swamp drake (D:7)
  4 slaves (D:6)
  3 sky beasts
  Purgy (D:3)
  4 orc warriors
  A necrophage (D:11)
  7 phantoms
  3 ogres
  8 ice beasts
  A centaur (D:9)
  A wolf (D:8)
  A crocodile (D:11)
  2 big kobolds
  7 bullfrogs
  4 scorpions
  44 killer bees
  4 wights (D:8)
  2 bullfrog zombies
  4 crimson imps
  10 hounds
  2 jellies
  5 orc priests
  8 orc wizards
  4 bullfrog skeletons
  Natasha (thrice) (D:3)
  2 iguanas
  9 worker ants
  Terence (D:3)
  2 hound skeletons
  A worker ant zombie (D:6)
  A howler monkey zombie (D:7)
  A mummy (Ossuary)
  3 gnolls (D:2)
  11 adders
  3 river rats
  2 shadow imps
  2 white imps (D:8)
  An ufetubus (D:8)
  5 worms
  An adder skeleton (D:4)
  6 dart slugs
  4 leopard geckos
  24 orcs
  3 bats
  5 giant cockroaches
  10 goblins
  10 hobgoblins
  12 jackals
  22 kobolds
  2 quokkas
  3 ball pythons
  13 frilled lizards
  A giant cockroach zombie (D:5)
  10 gnoll skeletons (Ossuary)
  11 kobold skeletons (Ossuary)
  A leopard gecko skeleton (D:4)
  2 leopard gecko zombies
  4 orc skeletons (Ossuary)
  2 quokka zombies
  8 rats
382 creatures vanquished.

Vanquished Creatures (collateral kills)
  A steam dragon (D:10)
1 creature vanquished.

Vanquished Creatures (others)
  An orc wizard (D:11)
1 creature vanquished.

Grand Total: 384 creatures vanquished

Notes
Turn   | Place    | Note
-------+----------+-------------------------------------------
     0 | D:1      | Krakonus1 the Deep Dwarf Berserker began the quest for the Orb.
     0 | D:1      | Reached XP level 1. HP: 20/20 MP: 1/1
   140 | D:1      | Reached XP level 2. HP: 21/27 MP: 2/2
   375 | D:1      | Reached skill level 3 in Armour
   470 | D:1      | Reached XP level 3. HP: 18/34 MP: 3/3
   515 | D:1      | Reached ** piety under Trog
  1255 | D:2      | Reached XP level 4. HP: 18/44 MP: 4/4
  1909 | D:3      | Noticed Natasha
  1929 | D:3      | Killed Natasha
  1929 | D:3      | Reached skill level 4 in Armour
  1929 | D:3      | Reached XP level 5. HP: 16/50 MP: 5/5
  1935 | D:3      | Reached *** piety under Trog
  2112 | D:3      | Noticed Purgy
  2129 | D:3      | Killed Purgy
  2186 | D:3      | Reached XP level 6. HP: 17/57 MP: 6/6
  2214 | D:3      | Noticed Terence
  2229 | D:3      | Killed Terence
  2815 | D:3      | Noticed Natasha
  2822 | D:3      | Killed Natasha
  3452 | D:3      | Noticed Natasha
  3456 | D:3      | Killed Natasha
  3492 | D:4      | Reached skill level 5 in Armour
  3703 | D:4      | Noticed dhrami's ghost (amateur HOFi)
  3724 | D:4      | Killed dhrami's ghost
  3724 | D:4      | Reached skill level 5 in Axes
  3724 | D:4      | Reached XP level 7. HP: 26/64 MP: 7/7
  4837 | D:5      | Entered Level 5 of the Dungeon
  5077 | D:5      | Reached skill level 6 in Armour
  5110 | D:5      | Found a glowing drain.
  5117 | Sewer    | Entered a sewer
  5192 | Sewer    | Reached **** piety under Trog
  5192 | Sewer    | Reached skill level 5 in Dodging
  5219 | Sewer    | Found a white marble altar of Elyvilon.
  5404 | D:5      | Found a staircase to the Ecumenical Temple.
  5459 | D:5      | Reached XP level 8. HP: 29/73 MP: 8/8
  5565 | D:5      | Found a radiant altar of Vehumet.
  5755 | D:6      | Noticed Pikel
  5779 | D:6      | Killed Pikel
  5779 | D:6      | Reached skill level 5 in Fighting
  5779 | D:6      | Reached skill level 7 in Armour
  6055 | D:6      | Found an opulent altar of Gozag.
  6056 | D:6      | Found Gozag's Platinum Reserve.
  6723 | D:7      | Gained mutation: You passively map the area around you. [Deep Dwarf growth]
  6723 | D:7      | Reached XP level 9. HP: 33/82 MP: 9/9
  6772 | D:7      | Reached skill level 8 in Armour
  6826 | D:7      | Found a sand-covered staircase.
  6831 | Ossuary  | Entered an ossuary
  7134 | Ossuary  | Noticed NeverLocke's ghost (amateur DsMo)
  7170 | Ossuary  | HP: 8/84 [NeverLocke's ghost (7)]
  7172 | Ossuary  | Killed NeverLocke's ghost
  7340 | D:7      | HP: 8/85 [hornet (7)]
  7607 | D:7      | Reached skill level 9 in Armour
  7785 | D:7      | Found a glowing silver altar of Zin.
  7785 | D:7      | Found Ticseis's Assorted Antiques.
  7793 | D:7      | Bought a dark potion for 14 gold pieces
  7793 | D:7      | Bought a metal-bound book for 240 gold pieces
  7793 | D:7      | Bought a scroll of identify for 32 gold pieces
  7793 | D:7      | Bought a potion of heal wounds for 80 gold pieces
  8079 | D:8      | Reached XP level 10. HP: 22/94 MP: 10/10
  8385 | D:8      | Reached skill level 10 in Armour
  8548 | D:8      | Noticed an orc sorcerer
  8550 | D:8      | Noticed a wizard
  8650 | D:8      | Killed an orc sorcerer
  8660 | D:8      | Killed a wizard
  8726 | D:8      | Noticed a two-headed ogre
  8736 | D:8      | Killed a two-headed ogre
  8736 | D:8      | Reached ***** piety under Trog
  8896 | D:8      | Found a sacrificial altar of Ru.
  9043 | D:9      | Reached skill level 11 in Armour
  9043 | D:9      | Reached XP level 11. HP: 17/106 MP: 11/11
  9089 | D:9      | HP: 7/106 [orc warrior/halberd of protection (16)]
  9724 | D:9      | Got a faintly glowing hat
  9735 | D:9      | Identified the +0 hat of Hemeni {rN+ MR+ rCorr} (You found it on level 9 of the Dungeon)
  9911 | D:9      | Found a staircase to the Lair.
  9915 | D:9      | HP: 4/108 [hell hound/blast of flame (15)]
 10057 | D:9      | Received a gift from Trog
 10117 | D:9      | Noticed a two-headed ogre
 10125 | D:9      | Killed a two-headed ogre
 10210 | Lair:1   | Entered Level 1 of the Lair of Beasts
 10284 | D:10     | Entered Level 10 of the Dungeon
 10316 | D:10     | Killed an unseen horror
 10316 | D:10     | Reached skill level 10 in Fighting
 10316 | D:10     | Reached skill level 12 in Armour
 10901 | D:10     | Noticed Nergalle
 10908 | D:10     | Noticed a spectral orc warlord
 10919 | D:10     | Killed Nergalle
 11550 | D:11     | Reached XP level 12. HP: 62/117 MP: 10/10
 11589 | D:11     | Reached skill level 10 in Axes
 11932 | D:11     | Found a staircase to the Orcish Mines.
 12043 | D:12     | Noticed a two-headed ogre
 12054 | D:12     | Killed a two-headed ogre
 12265 | D:12     | Noticed a death knight
 12268 | D:12     | HP: 3/118 [phantasmal warrior[a death knight] (18)]
 12269 | D:12     | Mangled by a skeletal warrior

Vault maps used:
D:1:      minmay_arrival_stone_box
D:2:      minmay_misc_feat_encased
D:3:      uniq_purgy, uniq_natasha, uniq_terence
D:4:      mumra_celtic_spiral_tile, first_bread
D:5:      vehumet_crystals, minmay_temple_entry_fiery, lightli_sewer_entry_pipes
D:6:      nicolae_gozag_zags_fifth_avenue, uniq_pikel
D:7:      lemuel_crystal_altar, serial_shops, nicolae_shop_trees,
          enter_ossuary_5
D:8:      cheibrodos_wizards_tower, serial_ice, serial_ice_m, serial_ice_g,
          serial_ice_c, serial_ice_d, nicolae_ru_awakened_eye
D:9:      minmay_lair_entry_lava, special_room, the_bakery
D:10:     uniq_nergalle
D:11:     orc_0_dummy
D:12:     orc_temple
Lair:1:   serial_bayou_shore_b, uniq_harold
Sewer:    sewer_kobolds
Ossuary:  ossuary_due_mausoleum

Skill      XL: |  1  2  3  4  5  6  7  8  9 10 11 12 |
---------------+-------------------------------------+-----
Fighting       | 3 4 6 7 9 10 | 10.7
Armour         | 3 4 5 6 7 9 11 12 | 12.8
Axes           | 4 5 6 7 8 9 10 | 10.2
Dodging        | 3 4 5 6 7 8 9 |  9.7

Action                   |  1- 3 |  4- 6 |  7- 9 | 10-12 || total
-------------------------+-------+-------+-------+-------++-------
Melee: Hand axe          |   147 |   212 |   589 |       ||   948
       War axe           |       |       |    14 |   573 ||   587
Invok: Trog's Hand       |       |     3 |     5 |    10 ||    18
       Burn Spellbooks   |       |     1 |     1 |     1 ||     3
       Brothers in Arms  |       |       |       |     1 ||     1
 Abil: Heal Wounds       |       |       |     1 |     8 ||     9
Evoke: Wand              |       |     2 |    20 |    17 ||    39
  Use: Scroll            |     4 |     3 |    10 |    10 ||    27
       Potion            |     1 |     2 |     4 |     3 ||    10
 Stab: Distracted        |       |       |     3 |       ||     3
  Eat: Chunk             |     1 |     9 |    11 |    16 ||    37
       Meat ration       |       |       |     2 |     1 ||     3
Armor: Animal skin       |     7 |       |       |       ||     7
       Scale mail        |    23 |    86 |   234 |    72 ||   415
       Plate armour      |       |       |       |   225 ||   225
Dodge: Dodged            |   116 |   137 |   414 |   550 ||  1217
